 Dungeon Crawl Stone Soup version 0.14-a0-3247-g5fd345f (webtiles) character file.

785 Psiweapon the Sneak (level 8, -5/43 HPs)
             Began as a Kobold Hunter on Mar 12, 2014.
             Slain by an ice beast (10 damage)
             ... on Level 7 of the Dungeon.
             The game lasted 00:18:03 (4660 turns).

Psiweapon the Sneak (Kobold Hunter)                 Turns: 4660, Time: 00:18:03

HP  -5/43        AC  3     Str 11      XL: 8   Next: 10%
MP  17/17        EV 13     Int  9      God:
Gold 7           SH  0     Dex 18      Spells:  0 memorised,  7 levels left

rFire  . . .     SeeInvis .     y - +0 sling
rCold  . . .     Clarity  .     d - +0 leather armour
rNeg   . . .     Conserve .     (no shield)
rPois  +         rCorr    .     (no helmet)
rElec  .         rRot     .     (no cloak)
SustAb . .       Spirit   .     (no gloves)
rMut   .         Warding  .     (no boots)
Gourm  +         Stasis   .     E - amulet of the gourmand
MR     .....                    t - ring of poison resistance
                                h - ring of magical power

@: not resistant to hostile enchantments, very stealthy
A: disease resistance, carnivore 3, saprovore 2
a: no special abilities


You were on level 7 of the Dungeon.
You were not hungry.

You visited 1 branch of the dungeon, and saw 7 of its levels.

You collected 259 gold pieces.
You spent 252 gold pieces at shops.

Inventory:

Hand weapons
 a - a +0,+0 short sword
 b - a +1,+3 crossbow
 r - a +3,+0 hand axe of chopping
 y - a +0,+0 sling (weapon)
 B - a +1,+2 whip of electrocution
 G - a +0,+3 cutlass of holy wrath
Missiles
 p - 25 darts
 w - 11 tomahawks
 A - 15 stones
 D - 36 sling bullets (quivered)
Armour
 d - a +0 leather armour (worn)
 z - a +2 robe of cold resistance
Magical devices
 u - a wand of paralysis (2)
 x - a wand of flame (1)
 H - a wand of teleportation (3)
Comestibles
 f - 4 meat rations
 g - a sausage
Scrolls
 e - 3 scrolls of remove curse
 j - a scroll of teleportation
 k - a scroll of fear {unknown}
 o - a scroll of magic mapping
 s - 2 scrolls of blinking
 C - a scroll of noise
Jewellery
 h - a ring of magical power (left hand)
 t - a ring of poison resistance (right hand)
 v - an uncursed amulet of resist mutation
 E - an amulet of the gourmand (around neck)
Potions
 i - 4 potions of curing
 m - a potion of might
 n - a potion of agility
 q - a potion of degeneration


   Skills:
 - Level 1.1 Fighting
 - Level 5.0 Short Blades
 + Level 3.4 Slings
 - Level 7.1 Crossbows
 - Level 2.4 Dodging
 * Level 7.3 Stealth


You had 7 spell levels left.
You didn't know any spells.

Dungeon Overview and Level Annotations

Branches:
Dungeon (7/15)
 Temple: D:4-7

Altars:
Sif Muna
The Shining One

Shops:
D:7 }

Portals:
Ossuary: D:4

Annotations:
D:5 Menkaure
D:6 exclusion: upstairs
D:7 exclusions: killer bee and upstairs


Innate Abilities, Weirdness & Mutations

You recuperate from illness quickly.
You are small and have problems with some larger weapons.
You are carnivorous and can eat meat at any time.
You can eat rotten meat.


Message History

The ice beast barely misses you.
Wield which item (- for none, * to show all)? (? for menu, Esc to quit)
y - a +0,+0 sling (weapon)
The ice beast closely misses you.
Firing (i - inventory. (,) - cycle):
D - 38 sling bullets (quivered)
Press: ? - help, Shift-Dir - straight line, f/p - ice beast
Aim: an ice beast (almost dead)
You shoot a sling bullet. The sling bullet hits the ice beast.
The ice beast is almost dead.
The ice beast hits you. The ice beast freezes you!
* * * LOW HITPOINT WARNING * * *
Firing (i - inventory. (,) - cycle):
D - 37 sling bullets (quivered)
Press: ? - help, Shift-Dir - straight line, f/p - ice beast
Aim: an ice beast (almost dead)
You shoot a sling bullet. The sling bullet hits the ice beast.
The ice beast is almost dead.
The ice beast hits you.
* * * LOW HITPOINT WARNING * * *
The ice beast freezes you!
You die...

...##............#.#<.
#............#.#..
#............#.#..
#............#....
#............###..
#............# #..
##########.### ###
##..........#
#.@########## #I##
#..(........
#..........
+..........
#.<........ #.........
#..(..... #.(.....


You could see an ice beast.

Vanquished Creatures
  A sky beast (D:5)
  An ogre (D:5)
  Sigmund (D:5)
  3 scorpions
  2 hounds (D:5)
  2 iguanas (D:5)
  2 worker ants
  Terence (D:2)
  A hound skeleton (D:4)
  3 adders
  4 gnolls (D:2)
  3 worms
  An orc skeleton (D:6)
  2 giant geckos
  13 orcs
  A ball python (D:2)
  4 giant cockroaches
  6 hobgoblins
  4 jackals (D:2)
  7 kobolds
  A quokka (D:3)
  7 bats
  4 giant newts
  A giant spore (D:6)
  16 goblins
  6 rats
97 creatures vanquished.

Notes
Turn   | Place    | Note
--------------------------------------------------------------
     0 | D:1      | Psiweapon, the Kobold Hunter, began the quest for the Orb.
     0 | D:1      | Reached XP level 1. HP: 12/12 MP: 1/1
     0 | D:1      | Noticed a giant goldfish
    88 | D:1      | Reached skill level 5 in Crossbows
   145 | D:1      | Reached XP level 2. HP: 16/16 MP: 2/2
   801 | D:2      | Reached XP level 3. HP: 20/20 MP: 3/3
   817 | D:2      | Reached skill level 6 in Crossbows
   891 | D:2      | Noticed Terence
   895 | D:2      | Killed Terence
  1001 | D:2      | Reached XP level 4. HP: 25/25 MP: 4/4
  1387 | D:2      | Reached skill level 7 in Crossbows
  1428 | D:3      | Reached XP level 5. HP: 29/29 MP: 5/5
  1923 | D:3      | Reached skill level 1 in Short Blades
  2313 | D:3      | Found a glowing golden altar of the Shining One.
  2682 | D:4      | Found a sand-covered staircase.
  2790 | D:4      | Reached XP level 6. HP: 32/34 MP: 6/6
  3101 | D:5      | Entered Level 5 of the Dungeon
  3101 | D:5      | Noticed a sky beast
  3106 | D:5      | Killed a sky beast
  3106 | D:5      | Reached skill level 1 in Slings
  3399 | D:5      | Reached skill level 5 in Stealth
  3399 | D:5      | Reached XP level 7. HP: 8/38 MP: 7/7
  3692 | D:5      | Noticed Menkaure
  3759 | D:5      | Found a deep blue altar of Sif Muna.
  3857 | D:5      | Noticed Sigmund
  3873 | D:5      | Killed Sigmund
  4356 | D:7      | Reached XP level 8. HP: 22/43 MP: 8/8
  4508 | D:7      | Reached skill level 5 in Short Blades
  4573 | D:7      | Found Cliask's Gadget Emporium.
  4584 | D:7      | Bought a wand of teleportation (3) for 252 gold pieces
  4660 | D:7      | Slain by an ice beast

Action                   |  1- 3 |  4- 6 |  7- 9 || total
-------------------------+-------+-------+-------++-------
Melee: Short sword       |       |    39 |    19 ||    58
       Cutlass           |       |       |    19 ||    19
 Fire: Crossbow          |    52 |    63 |    19 ||   134
       Sling             |       |    15 |    30 ||    45
Throw: Dart              |       |       |     2 ||     2
Evoke: Wand              |       |     5 |    12 ||    17
  Use: Scroll            |     7 |     5 |     3 ||    15
       Potion            |       |     1 |     3 ||     4
 Stab: Sleeping          |       |     2 |     3 ||     5
       Paralysed         |       |     3 |     4 ||     7
       Distracted        |       |       |     1 ||     1
